Map: Blackpink LE

Players

Naiko - Winner!

  • Race: Terran Terran
  • League: Diamond
  • Spawn Location: 1:00

Jonathas

  • Race: Terran Terran
  • League: Diamond
  • Spawn Location: 7:00

VOD

Have the link to the VOD?

Description

Time

  • Played on: Dec. 17, 2017, 6:39 a.m.
  • Length: 6:17
Show
View Real Time Build Order
Export as new Build Order

Naiko Terran - Winner!

Build Orders:  

Get SALT Encoding   

  12  0:07  SCV  
  13  0:17  Supply Depot  
  13  0:19  SCV  
  14  0:31  SCV  
  15  0:40  Barracks  
  15  0:43  SCV  
  15  0:46  Refinery  
  16  0:55  SCV  
  17  1:08  SCV  
  18  1:20  SCV  
  19  1:27  Supply Depot  
  19  1:28  Marine  
  19  1:32  Orbital Command  
  20  1:47  Marine  
  20  1:53  Factory  
  21  2:02  Bunker  
  21  2:05  Marine  
  22  2:16  SCV  
  23  2:23  Marine  
  23  2:28  SCV  
  24  2:37  Bunker  
  24  2:39  Factory Tech Lab  
  24  2:42  SCV, Starport  
  25  2:47  Marine  
  26  2:59  Command Center  
  26  3:01  SCV  
  26  3:05  Marine  
  27  3:11  Supply Depot  
  28  3:17  Engineering Bay  
  28  3:25  Siege Tank  
  31  3:30  Supply Depot  
  31  3:32  SCV  
  32  3:37  Barracks Tech Lab  
  32  3:44  Refinery  
  32  3:50  Missile Turret  
  32  3:56  Marine  
  33  4:04  Starport Reactor  
  33  4:13  Marine  
  33  4:16  Orbital Command  
  34  4:19  Missile Turret x2  
  34  4:20  SCV  
  35  4:24  Combat Shields  
  35  4:29  Liberator  
  35  4:35  Marine  
  38  4:52  Marine  
  33  5:11  Marauder  
  33  5:18  Bunker  
  33  5:20  Siege Tank  
  36  5:23  SCV x2  
  38  5:32  Marine  
  38  5:35  SCV x2  
  41  5:41  Medivac  
  41  5:42  Barracks  
  43  5:49  Marine  
  43  5:51  SCV x2, Bunker  
  46  6:03  SCV x2  
Show
View Real Time Build Order
Export as new Build Order

Jonathas Terran 

Build Orders: Cyclone Opening 

Get SALT Encoding   

  12  0:02  SCV  
  13  0:14  SCV  
  13  0:19  Supply Depot  
  14  0:26  SCV  
  15  0:35  Refinery  
  15  0:40  SCV  
  16  0:45  Barracks  
  16  0:52  SCV  
  16  0:56  Refinery  
  17  1:04  SCV  
  18  1:17  SCV  
  19  1:29  SCV  
  20  1:33  Factory  
  20  1:38  Barracks Reactor  
  20  1:41  SCV  
  21  1:53  SCV  
  22  2:08  Orbital Command  
  22  2:28  Marine  
  23  2:33  Supply Depot  
  23  2:39  Cyclone x2  
  29  2:46  Marine  
  30  2:57  Supply Depot  
  30  3:04  Marine  
  31  3:11  Cyclone x2  
  37  3:21  Marine  
  38  3:27  Supply Depot  
  38  3:39  Marine  
  39  3:43  Cyclone x2  
  45  3:57  Marine  
  45  4:06  Supply Depot  
  45  4:17  Cyclone  
  45  4:18  Cyclone, Marine  
  52  4:28  Supply Depot  
  52  4:36  Marine  
  33  5:16  Cyclone  
  33  5:17  Cyclone, Marine  
  40  5:23  Command Center  
  40  5:35  Marine  
  41  5:47  SCV  
Tags
 
Add a new tag
Caveats
  • Supply blocks, unpowered buildings, or Contaminate may cause inaccurate times.
  • Supply counts are checked every 10 seconds.